 Dungeon Crawl Stone Soup version bcrawl-1.31.4 (webtiles) character file.

Game seed: 10786099398490260606

313760 Morbidden the Ducker (level 8, -5/100 HPs)
             Began as a Hill Orc Archaeologist on June 8, 2021.
             Was an Initiate of Cheibriados.
             Slain by a two-headed ogre
             ... wielding a +0 giant spiked club
              (9 damage)
             ... on level 5 of the Dungeon.
             The game lasted 00:07:41 (3946 turns).

Morbidden the Ducker (Hill Orc Archaeologist)       Turns: 3946, Time: 00:07:42

Health: -5/100     AC: 24    Str: 14 (17) XL:     8   Next: 81%
Magic:  23/23      EV:  1    Int: 14 (15) God:    Cheibriados [......]
Gold:   269        SH:  0    Dex: 16 (17) Spells: 11/11 levels left

rFire    . . .     SeeInvis .   h - +6 staff of Battle {slice, MP+12}
rCold    + . .     Gourm    .   (shield currently unavailable)
rNeg     + + +     Faith    .   (armour currently unavailable)
rPois    +         Spirit   .   (helmet currently unavailable)
rElec    .         Reflect  .   (cloak currently unavailable)
rCorr    .         Harm     .   (gloves currently unavailable)
MR       +....     NoTele   +   (boots currently unavailable)
Stlth    ++........             (no amulet)
HPRegen  0.26/turn              C - ring of protection from cold
MPRegen  0.18/turn              y - ring of protection from magic

@: confused, agile, tree-form, marked, very slightly contaminated, invisible,
very slow
A: giant, agile 1, evolution 1
a: Bend Time, Renounce Religion


You were on level 5 of the Dungeon.
You worshipped Cheibriados.
Cheibriados was noncommittal.
You were not hungry.
You were a tree.
You visited 2 branches of the dungeon, and saw 6 of its levels.

You collected 269 gold pieces.

Inventory:

Hand Weapons
 b - a +0 hunting sling
 h - the +6 staff of Battle (weapon) {slice, MP+12}
   (You acquired it on level 3 of the Dungeon)

   It will always inflict at least some extra damage.
   This minimum extra damage increases with your current reserve of magical
   power.
   It affects your magic capacity (+12).
 j - a +0 blowgun
 z - a cursed +0 hunting sling
Missiles
 f - 6 curare-tipped needles
 m - 197 sling bullets
 r - 935 stones (quivered)
Armour
 p - a +1 pair of boots (melded)
 q - a +0 pair of gloves (melded)
 t - a +2 hat (melded)
 H - a +0 chain mail (melded)
Jewellery
 l - an uncursed ring of positive energy
 w - an uncursed ring of positive energy
 y - a ring of protection from magic (right branch)
 C - a ring of protection from cold (left branch)
Scrolls
 c - a scroll of blinking {unknown}
 g - 2 scrolls of magic mapping
 i - a scroll of amnesia {unknown}
 k - a scroll of enchant weapon {unknown}
 n - 2 scrolls of remove curse {unknown}
 s - 2 scrolls of enchant armour {unknown}
 A - a scroll of noise {unknown}
 D - a scroll of teleportation {unknown}
Potions
 x - a potion of agility
 B - a potion of ambrosia
 E - 2 potions of might
Comestibles
 e - 11 rations {!d}


   Skills:
 * Level 4.4 Fighting
   Level 4.4 Short Blades
   Level 4.4 Long Blades
   Level 4.4 Axes
   Level 4.4 Maces & Flails
   Level 4.4 Polearms
   Level 4.4 Staves
 + Level 4.7 Slings
 + Level 0.4 Armour
 * Level 5.6 Dodging
 + Level 3.6 Stealth
   Level 4.4 Unarmed Combat
 * Level 2.4 Spellcasting
 * Level 1.7 Invocations


You had 11 spell levels left.
You didn't know any spells.
Your spell library contained the following spells:

 Spells                   Type           Power        Failure   Level  Hunger
 Corona                   Hex            #......      22%         1    None
 Ensorcelled Hibernation  Hex/Ice        #.....       34%         2    ##.....
 Confuse                  Hex            #.......     56%         3    ####...
 Dazzling Orbs            Conj/Hex       #......      56%         3    ####...
 Tukima's Dance           Hex            #.......     56%         3    ####...
 Cause Fear               Hex            #.........   92%         4    ######.


Dungeon Overview and Level Annotations

Branches:
Dungeon (5/12)             Temple (1/1) D:5

Altars:
Cheibriados
Kikubaaqudgha
Lugonu
Nemelex Xobeh
Okawaru
Qazlal
Vehumet
Wu Jian

Annotations:
D:4 3 runed translucent doors, izumii3's ghost, novice NaBe


Innate Abilities, Weirdness & Mutations

((You have sharp toenails.))
You are agile. (Dex +2)
You evolve.


Message History

There was something very wrong with that liquid.
You feel weakened.
You feel dopey.
You feel clumsy.
Your staff activates!
The howler monkey hits you but does no damage.
The wyvern bites you but does no damage.
The two-headed ogre hits you with a +0 giant spiked club.
* * * LOW HITPOINT WARNING * * *
The two-headed ogre hits you with a +0 giant club.
* * * LOW HITPOINT WARNING * * *
The adder zombie bites you but does no damage.
Unknown command.
It was a potion of mutation.
You feel extremely strange.
You feel agile.
Your toenails lengthen and sharpen.
You feel nature experimenting on you.
Don't worry, failures die fast.
The wyvern bites you.
* * * LOW HITPOINT WARNING * * *
The howler monkey hits you but does no damage.
The adder zombie bites you but does no damage.
The two-headed ogre hits you with a +0 giant spiked club!
You die...

#.#####...#.##..##.###.###.#
#........##.##..##.........#
#######.###.##..######.#####
#.###.##..# #.#
#.....##..######.#
########....)....#
#.######### ##l######
#♣h(..[..# #OZ#####.# #..#
#..> ..... #...## #..## #..#


You could see a two-headed ogre, a wyvern, a howler monkey, an adder zombie and
a friendly spectral +6 staff of Battle {slice, MP+12}.

Vanquished Creatures
  Edmund (D:4)
  A sky beast (D:5)
  Purgy (D:4)
  A black bear (D:5)
  A phantom (D:4)
  An ogre (D:3)
  2 centaurs (D:5)
  A scorpion (D:4)
  4 crimson imps
  6 orc wizards
  An orc priest (D:4)
  2 iguanas
  Natasha (thrice) (D:3)
  A worker ant (D:4)
  A hound skeleton (D:4)
  4 gnolls
  8 adders
  A shadow imp (D:5)
  3 worms
  3 dart slugs
  2 leopard geckos
  19 orcs
  9 bats
  4 giant cockroaches
  2 goblins
  3 hobgoblins
  15 jackals
  A quokka (D:4)
  3 ball pythons
  5 frilled lizards
  A jackal skeleton (D:4)
  A kobold (D:3)
  8 rats
119 creatures vanquished.

Vanquished Creatures (others)
  3 spectral weapons (D:5)
3 creatures vanquished.

Grand Total: 122 creatures vanquished

Notes
Turn   | Place    | Note
-------+----------+-------------------------------------------
     0 | D:1      | Morbidden the Hill Orc Archaeologist began the quest for
                  | the Orb.
     0 | D:1      | Reached XP level 1. HP: 16/16 MP: 1/1
    59 | D:1      | Got a heavily runed copper ring
   123 | D:1      | Identified the ring of Aninajoe {Fire Str-4 Int+7 Dex-4}
                  | (You found it on level 1 of the Dungeon)
   147 | D:1      | Reached XP level 2. HP: 23/23 MP: 2/2
   473 | D:1      | Reached skill level 3 in Dodging
   756 | D:2      | Reached XP level 3. HP: 28/28 MP: 3/3
  1611 | D:3      | Reached skill level 1 in Slings
  1687 | D:3      | Reached XP level 4. HP: 18/35 MP: 4/4
  1806 | D:3      | Noticed Natasha
  1834 | D:3      | Killed Natasha
  1866 | D:3      | Noticed Natasha
  1892 | D:3      | Killed Natasha
  1893 | D:3      | Reached XP level 5. HP: 41/41 MP: 5/5
  1893 | D:3      | Identified a scroll of acquirement
  1893 | D:3      | Identified the ring "Tino" {MR+ Int+8} (You acquired it on
                  | level 3 of the Dungeon)
  1894 | D:3      | Found the +6 staff of Battle {slice, MP+12}
  1985 | D:3      | Noticed an ogre
  1990 | D:3      | Killed an ogre
  1992 | D:3      | Reached XP level 6. HP: 30/48 MP: 6/6
  2186 | D:3      | Noticed Natasha
  2193 | D:3      | Killed Natasha
  2614 | D:4      | Reached skill level 4 in Dodging
  2675 | D:4      | Reached XP level 7. HP: 55/56 MP: 7/7
  2711 | D:4      | Reached skill level 1 in Spellcasting
  3067 | D:4      | Found a runed translucent gate.
  3068 | D:4      | Found a runed translucent gate.
  3069 | D:4      | Found a runed translucent gate.
  3071 | D:4      | Noticed izumii3's ghost (novice NaBe)
  3159 | D:4      | Noticed Edmund
  3159 | D:4      | Noticed Purgy
  3166 | D:4      | Killed Purgy
  3167 | D:4      | Reached XP level 8. HP: 58/63 MP: 10/10
  3171 | D:4      | Killed Edmund
  3172 | D:4      | Reached skill level 5 in Dodging
  3279 | D:5      | Entered Level 5 of the Dungeon
  3352 | D:5      | Found a staircase to the Ecumenical Temple.
  3364 | Temple   | Entered the Ecumenical Temple
  3395 | Temple   | Became a worshipper of Cheibriados the Contemplative
  3514 | D:5      | Reached skill level 1 in Invocations
  3932 | D:5      | Noticed a two-headed ogre
  3933 | D:5      | Noticed a wyvern
  3940 | D:5      | HP: 5/100 [howler monkey (5)]
  3945 | D:5      | HP: 1/100 [two-headed ogre/+0 giant spiked club (6)]
  3946 | D:5      | Gained mutation: You are agile. (Dex +2) [potion of
                  | mutation]
  3946 | D:5      | Gained mutation: You have sharp toenails. [potion of
                  | mutation]
  3946 | D:5      | Gained mutation: You evolve. [potion of mutation]
  3946 | D:5      | Slain by a two-headed ogre

Skill      XL: |  1  2  3  4  5  6  7  8 |
---------------+-------------------------+-----
Dodging        | 3 4 5 |  5.6
Stealth        | 3 |  3.6
Slings         | 1 2 3 4 |  4.7
Fighting       | 2 3 4 |  4.4
Spellcasting   | 1 2 |  2.4
Invocations    | 1 |  1.7
Short Blades   | |  4.4
Long Blades    | |  4.4
Axes           | |  4.4
Maces & Flails | |  4.4
Polearms       | |  4.4
Staves         | |  4.4
Armour         | |  0.4
Unarmed Combat | |  4.4

Action                   |  1- 3 |  4- 6 |  7- 9 || total
-------------------------+-------+-------+-------++-------
Melee: Whip              |    33 |       |       ||    33
       Mace              |    46 |    18 |       ||    64
       Lajatang          |       |    59 |    82 ||   141
 Fire: Hunting sling     |    92 |    19 |       ||   111
  Use: Scroll            |     1 |     1 |     1 ||     3
       Potion            |       |     1 |     8 ||     9
 Stab: Sleeping          |     1 |     1 |     2 ||     4
  Eat: Chunk             |     7 |     8 |     6 ||    21
Armor: Robe              |    83 |    33 |    21 ||   137
       Skin              |       |    16 |    25 ||    41
       Chain mail        |       |       |     6 ||     6
       Ring mail         |       |       |     5 ||     5
Dodge: Dodged            |   144 |    36 |    55 ||   235
